 Dungeon Sprint DCSS version 0.23.2-1-ga50397a (webtiles) character file.

Game seed: 10818023484134968584

0 Kahibar the Skirmisher (level 1, -15/19 HPs)
             Began as a Hill Orc Fighter on May 11, 2019.
             Demolished by a merfolk
             ... wielding a cursed -3 trident
              (17 damage)
             ... in the Dungeon (Sprint V: "Ziggurat Sprint").
             The game lasted 00:10:33 (166 turns).

Kahibar the Skirmisher (Hill Orc Fighter)            Turns: 166, Time: 00:10:36

Health: -15/19     AC: 16    Str: 24    XL:     1   Next: 0%
Magic:  0/1        EV:  2    Int:  8    God:
Gold:   0          SH:  0    Dex: 16    Spells: 0/0 levels left

rFire    . . .     SeeInvis .   y - +5 broad axe
rCold    . . .     Gourm    .   J - +3 shield
rNeg     . . .     Faith    .   K - +5 plate armour
rPois    .         Spirit   .   (no helmet)
rElec    .         Reflect  .   (no cloak)
rCorr    .         Harm     .   (no gloves)
MR       .....     NoTele   +   (no boots)
Stlth    ..........             (no amulet)
HPRegen  0.06/turn              D - +6 ring of strength
MPRegen  0.07/turn              z - +6 ring of dexterity

@: held
A: no striking features
a: no special abilities


You were in the Dungeon.
You were not hungry.

You visited 1 branch

Inventory:

Hand Weapons
 w - a +5 executioner's axe
 x - a +5 battleaxe
 y - a +5 broad axe (weapon)
Armour
 J - a +3 shield (worn)
 K - a +5 plate armour (worn)
Jewellery
 z - a +6 ring of dexterity (right hand)
 A - a +6 ring of dexterity
 B - a +6 ring of intelligence
 C - a +6 ring of intelligence
 D - a +6 ring of strength (left hand)
 E - a +6 ring of strength
 F - an uncursed ring of flight
Wands
 G - a wand of disintegration (7)
 H - a wand of iceblast (7)
 I - a wand of acid (7)
Scrolls
 k - 4 scrolls of blinking
 l - 4 scrolls of amnesia
 m - 7 scrolls of fog
 n - a scroll of holy word
 o - 5 scrolls of identify
 p - 5 scrolls of remove curse
 q - 2 scrolls of fear
Potions
 d - 6 potions of might
 e - 10 potions of curing
 g - 10 potions of heal wounds
 h - 6 potions of haste
 i - 7 potions of magic
 j - 3 potions of berserk rage
 r - 2 potions of brilliance
 s - 2 potions of invisibility
 t - 4 potions of resistance
 u - a potion of experience
 v - 5 potions of agility
Comestibles
 f - 7 rations


   Skills:
 + Level 3.6 Fighting
 + Level 2.6 Axes
 + Level 3.2 Armour
 + Level 3.2 Shields


You couldn't memorise any spells.
You didn't know any spells.
Your spell library was empty.

Dungeon Overview and Level Annotations

Branches:
Dungeon (1/1)

Altars:
Ashenzari
Cheibriados
Dithmenos
Elyvilon
Fedhas
Gozag
Hepliaklqana
Kikubaaqudgha
Makhleb
Nemelex Xobeh
Okawaru
Qazlal
Ru
Sif Muna
Trog
Uskayaw
Vehumet
Wu Jian
Xom
Yredelemnul
Zin
The Shining One
Beogh
Jiyva
Lugonu

Annotations:
D 1 transporter


Message History

You struggle against the net.
The merfolk barely misses you.
Unknown command.
You are held in a net!
You are held in a net!
You are held in a net!
You are held in a net!
Unknown command.
Unknown command.
Unknown command.
Unknown command.
There are monsters nearby!
There are monsters nearby!
There are monsters nearby!
The merfolk hits you with the +8 Wrath of Trog {antimagic, *Rage}!
Ouch! That really hurt!
* * * LOW HITPOINT WARNING * * *
You feel your power leaking away.
The merfolk hits you from afar with a cursed -3 trident!
Ouch! That really hurt!
You die...

▓▓▓▓▓▓▓
▓.8©8.▓
▓.....▓
▓.).[.▓
▓..m..▓
▓..m..▓
▓..@..▓
▓▓▓▓▓▓▓


You could see 2 merfolk.

Vanquished Creatures (others)
  A spatial maelstrom (D)
1 creature vanquished.

Notes
Turn   | Place    | Note
-------+----------+-------------------------------------------
     0 | D        | Found the +6 Majin-Bo {vamp, Archmagi MP+6 Int+6}
     0 | D        | Found the +7 great mace "Firestarter" {inner flame, rF++}
     0 | D        | Kahibar the Hill Orc Fighter began the quest for the Orb.
     0 | D        | Reached XP level 1. HP: 19/19 MP: 1/1
     0 | D        | Found a blossoming altar of Fedhas.
     1 | D        | Found a transporter.
     1 | D        | Found a viscous altar of Jiyva.
     1 | D        | Found an ancient bone altar of Kikubaaqudgha.
     1 | D        | Found a hazy altar of Hepliaklqana.
     1 | D        | Found a corrupted altar of Lugonu.
     1 | D        | Found an opulent altar of Gozag.
     1 | D        | Found a burning altar of Makhleb.
     1 | D        | Banished a spatial maelstrom
     7 | D        | Found a sacrificial altar of Ru.
     7 | D        | Found a stormy altar of Qazlal.
     7 | D        | Found a deep blue altar of Sif Muna.
     7 | D        | Found an iron altar of Okawaru.
     7 | D        | Found a bloodstained altar of Trog.
     7 | D        | Found a sparkling altar of Nemelex Xobeh.
    40 | D        | Found the +9 heavy crossbow "Sniper" {velocity, Acc+∞ SInv}
    40 | D        | Found the +10 dark maul {crush}
    40 | D        | Found the +15 Maxwell's patent armour {-Cast -Tele rElec
                  | MR+ rCorr}
    40 | D        | Found the +18 shield of the Gong {rElec rN+ MR+ EV-5}
    40 | D        | Found the cursed +14 obsidian axe {chop, +Fly SInv *Curse}
    41 | D        | Found the +6 shillelagh "Devastator" {shatter}
    41 | D        | Found the +11 plutonium sword {*Contam Stlth-}
    41 | D        | Found the +8 lance "Wyrmbane" {slay drac, rPois rF+ rC+
                  | AC+3}
    41 | D        | Found the +9 sword of Zonguldrok {reap}
    41 | D        | Found the cursed +13 scythe of Curses {drain, *Curse}
    41 | D        | Found the +0 sword of Power
    41 | D        | Found the +7 mace of Variability {chain chaos}
    41 | D        | Found the +7 Singing Sword {slice, sonic wave}
    41 | D        | Found the +7 longbow "Piercer" {penet, EV-2}
   162 | D        | Entered arena 2.
   162 | D        | Noticed a merfolk
   162 | D        | Noticed a merfolk
   162 | D        | Found a transporter.
   166 | D        | Demolished by a merfolk

Action                   || total
-------------------------++-------
Armor: Plate armour      ||     1
Dodge: Dodged            ||     2
